 Dungeon Crawl Stone Soup version 0.29.0-4-gdea44cf6ec (webtiles) character file.

Game seed: 12151851067635722604

189 qw the Shield-Bearer (level 5, 0/32 HPs)
             Began as a Gargoyle Fighter on Sept 10, 2022.
             Slain by a bullfrog (4 damage)
             ... in a sewer.
             The game lasted 00:01:05 (3150 turns).

qw the Shield-Bearer (Gargoyle Fighter)             Turns: 3150, Time: 00:01:05

Health: 0/32       AC: 13    Str: 21    XL:     5   Next: 68%
Magic:  5/5        EV:  3    Int:  9    God:
Gold:   117        SH:  8    Dex:  9    Spells: 4/4 levels left

rFire   . . .      SeeInvis .   Y - +0 war axe
rCold   . . .      Faith    .   l - +0 kite shield
rNeg    + . .      Spirit   .   k - +0 chain mail
rPois   inf        Reflect  .   (no helmet)
rElec   +          Harm     .   (no cloak)
rCorr   .          Rampage  .   (no gloves)
Will    .....                   (no boots)
Stlth   ..........              (no amulet)
HPRegen 0.10/turn               (no ring)
MPRegen 0.09/turn               (no ring)

@: about to teleport, constricted, very slow
A: sickness immunity, AC +4, negative energy resistance 1, electricity
resistance, torment resistance 1, petrification resistance
a: no special abilities


You were in a sewer.
You visited 1 branch of the dungeon, and saw 3 of its levels.
You also visited: Sewer.

You collected 143 gold pieces.
You spent 26 gold pieces at shops.


Innate Abilities, Weirdness & Mutations

You are immune to sickness and miasma.
Your stone body is resilient. (AC +4)
You are immune to poison.
You resist negative energy. (rN+)
You are resistant to electric shocks. (rElec)
You are resistant to unholy torment.
You are immune to petrification.


   Skills:
 - Level 3.2 Fighting
 - Level 4.0 Axes
 - Level 0.5 Throwing
 - Level 3.2 Armour
 + Level 4.9 Shields


You had 4 spell levels left.
You didn't know any spells.
Your spell library was empty.

Inventory:

Hand Weapons
 e - a +0 whip
 Y - a +0 war axe (weapon)
Missiles
 j - 5 boomerangs (quivered)
Armour
 k - a +0 chain mail (worn)
 l - a +0 kite shield (worn)
Jewellery
 a - a ring of ice
Scrolls
 b - a scroll of enchant weapon {unknown}
 g - a scroll of identify
 h - a scroll of teleportation
Potions
 c - a potion of magic {unknown}
 d - a potion of might
 f - a potion of haste {unknown}
 i - a potion of attraction {unknown}
 m - a potion of flight {unknown}
 n - 2 potions of curing {unknown}
 o - a potion of heal wounds {unknown}

Dungeon Overview and Level Annotations

Branches:
Dungeon (3/15)              Sewer (1/1)

Altars:

Shops:
D:2 *


Message History

The adder is almost dead.
You closely miss the adder. You closely miss the bullfrog. You slash the adder!
You barely miss the ball python. You barely miss the bullfrog.
The bullfrog hits you but does no damage.
The adder closely misses you.
The bullfrog hits you but does no damage.
You block the ball python's attack. The ball python grabs you.
The ball python constricts you. The adder bites you.
The adder bites you but does no damage. The bullfrog hits you.
The adder bites you but does no damage. You block the bullfrog's attack.
You block the ball python's attack. The ball python constricts you.
The adder bites you but does no damage. The adder bites you.
The bullfrog hits you but does no damage.
You slash the ball python!
You kill the ball python!
You hit the adder. You closely miss the bullfrog. You closely miss the adder.
You slash the bullfrog! You hit the adder.
You kill the adder!
You block the bullfrog's attack. The adder bites you but does no damage.
The bullfrog hits you but does no damage.
The adder bites you but does no damage.
The ball python bites you but does no damage.
The ball python completely misses you.
The bullfrog hits you but does no damage.
You block the adder's attack.
The bullfrog hits you but does no damage.
The adder bites you but does no damage. The ball python bites you.
The ball python grabs you. The ball python constricts you.
3149 ||| READING 2 scrolls of teleportation.
As you read the scroll of teleportation, it crumbles to dust.
You feel strangely unstable. The bullfrog hits you.
The bullfrog hits you but does no damage.
The adder bites you but does no damage. You block the adder's attack.
The ball python bites you but does no damage.
The ball python constricts you. You block the bullfrog's attack.
Your unstable footing causes you to fumble your attack.
The bullfrog hits you. You block the adder's attack.
The adder bites you but does no damage. The bullfrog hits you.
You die...

~~~%~~#
#~~~~~~#
~~~~~~#
#~~~~~~#
~~~~~~#
#~~~~~~#
#..~.##
#~~~~~~#
.~..~~#
#~~~~~~#
~.~~.##
#~~~~.~#
~~~~~~#
#~~~~.~#
~~~~~~#
#~~~~F~#
~~~~~~#
#~~F@#~#
~~~~~~#
#~~SSS~#
~~~~~~#
#~~~~~~#
~~~~~~#
#~~~~~~#
~~~~~~#
#~~~~~~#
.~~.~##
##.~~.##
......#
......
.....##
#......
.....#


You could see 2 bullfrogs, 2 adders and a ball python.

Vanquished Creatures
  3 river rats (Sewer)
  6 adders
  3 worms
  4 dart slugs
  7 endoplasms
  4 giant cockroaches
  7 goblins
  4 hobgoblins
  9 kobolds
  5 quokkas
  10 ball pythons
  4 bats (D:2)
  3 frilled lizards
  24 rats
93 creatures vanquished.

Notes
Turn   | Place    | Note
-------+----------+-------------------------------------------
     0 | D:1      | qw the Gargoyle Fighter began the quest for the Orb.
     0 | D:1      | Reached XP level 1. HP: 14/14 MP: 1/1
     0 | D:1      | 0 ||| qw: Version: 0.1-a-116-g5d60599
     0 | D:1      | 0 ||| qw: Game counter: 7604
     0 | D:1      | 0 ||| qw: Always use a shield: true
     0 | D:1      | 0 ||| qw: God list: Okawaru
     0 | D:1      | 0 ||| qw: Allow faded altars: false
     0 | D:1      | 0 ||| qw: Do Orc after D:15 true
     0 | D:1      | 0 ||| qw: Do second Lair branch before Depths: true
     0 | D:1      | 0 ||| qw: Lair rune preference: random
     0 | D:1      | 0 ||| qw: Plans: Normal, Zot, God:TSO, Crypt, Tomb, Zig,
                  | Orb
     0 | D:1      | 0 ||| PLANNING D:1-11
   126 | D:1      | Reached XP level 2. HP: 16/19 MP: 2/2
   451 | D:1      | 451 ||| Stepping ~*~*~tactically~*~*~ (hiding).
   472 | D:1      | Reached skill level 3 in Axes
   492 | D:1      | Reached XP level 3. HP: 23/23 MP: 3/3
   568 | D:1      | Found a faded altar of an unknown god.
  1030 | D:1      | 1030 ||| UPGRADING to +0 kite shield.
  1040 | D:1      | 1040 ||| DROPPING +0 buckler.
  1041 | D:1      | 1041 ||| READING scroll labelled SOIKET QAEFF.
  1041 | D:1      | Identified a scroll of acquirement
  1041 | D:1      | 1041 ||| ACQUIRING ring of ice
  1041 | D:1      | Acquired a ring of ice
  1043 | D:1      | 1043 ||| READING 3 scrolls labelled XAFOPO EVEODGH.
  1044 | D:1      | 1044 ||| READING scroll labelled QEMETH UMNA.
  1045 | D:1      | 1045 ||| READING scroll labelled QEPPEV PIFEPN.
  1046 | D:1      | 1046 ||| READING scroll labelled ORASOIFFYD.
  1047 | D:1      | 1047 ||| READING scroll labelled RONUMI FIMIOWE.
  1052 | D:1      | 1052 ||| READING scroll labelled UPHEJO BAGIT.
  1053 | D:1      | 1053 ||| READING 2 scrolls of identify.
  1053 | D:1      | 1053 ||| IDENTIFYING fuming inky potion
  1054 | D:1      | 1054 ||| DROPPING potion of brilliance.
  1111 | D:2      | 1111 ||| Stepping ~*~*~tactically~*~*~ (stealth).
  1133 | D:2      | 1133 ||| Stepping ~*~*~tactically~*~*~ (hiding).
  1563 | D:2      | Reached XP level 4. HP: 26/28 MP: 4/4
  1623 | D:2      | Found Bifazef's General Store.
  1645 | D:2      | 1645 ||| SHOPLISTING potion of cancellation (104 gold, have
                  | 96).
  1645 | D:2      | 1645 ||| BUYING scroll of identify (26 gold).
  1645 | D:2      | Bought a scroll of identify for 26 gold pieces
  2321 | D:2      | 2321 ||| DROPPING scarf of invisibility.
  2322 | D:2      | 2322 ||| UPGRADING to +0 chain mail.
  2332 | D:2      | 2332 ||| DROPPING +0 scale mail.
  2333 | D:2      | 2333 ||| READING scroll labelled ULECKU OLIPTYP.
  2379 | D:2      | 2379 ||| READING 2 scrolls of identify.
  2379 | D:2      | 2379 ||| IDENTIFYING bubbling ruby potion
  2380 | D:2      | 2380 ||| DROPPING potion of ambrosia.
  2406 | D:3      | 2406 ||| PLANNING SEWER
  2430 | D:3      | Found a glowing drain.
  2445 | Sewer    | Entered a sewer
  2542 | Sewer    | 2542 ||| Stepping ~*~*~tactically~*~*~ (water).
  2545 | Sewer    | Reached XP level 5. HP: 19/32 MP: 5/5
  2617 | Sewer    | 2617 ||| Stepping ~*~*~tactically~*~*~ (stealth).
  2718 | Sewer    | 2718 ||| Stepping ~*~*~tactically~*~*~ (water).
  2974 | Sewer    | 2974 ||| Stepping ~*~*~tactically~*~*~ (stealth).
  3148 | Sewer    | HP: 7/32 [ball python (3)]
  3149 | Sewer    | 3149 ||| READING 2 scrolls of teleportation.
  3150 | Sewer    | Slain by a bullfrog

Levels and vault maps discovered:
D:1:      dpeg_arrival_arbitrary_b, layout_basic,
          dreamdust_ecumenical_altar_hidden_monk_grotto
D:2:      minmay_inner_zag, layout_loops_ring, serial_shops,
          nicolae_shop_temple_entry_statues_fountains, kennysheep_generic_room_7
D:3:      layout_loops_ring, amethyst_overflow_temple_binary,
          cheibrodos_sewer_entry_sluice
Sewer:    sewer_minmay_w

Skill      XL: |  1  2  3  4 |
---------------+-------------+-----
Axes           | 2 3 4 |  4.0
Shields        | 4 |  4.9
Fighting       | |  3.2
Throwing       | |  0.5
Armour         | |  3.2

Action                   |  1- 3 |  4- 6 || total
-------------------------+-------+-------++-------
Melee: War axe           |    96 |   108 ||   204
Throw: Javelin           |       |    15 ||    15
       Boomerang         |       |    14 ||    14
  Use: Scroll            |     8 |     3 ||    11
Armor: Scale mail        |    55 |    12 ||    67
       Chain mail        |       |   100 ||   100
Dodge: Dodged            |    29 |    61 ||    90
Block: Buckler           |    11 |       ||    11
       Kite shield       |    23 |    67 ||    90

Table legend:
 A = Non-vault XP
 B = Vault XP
 C = Vault XP percentage of total XP
 D = Non-vault monster count
 E = Vault monster count
 F = Vault count percentage of total count
                 A         B        C        D         E       F
            +---------+---------+-------+---------+---------+-------
      Total |      99 |     171 |  63.3 |      42 |      51 |  54.8
            +---------+---------+-------+---------+---------+-------
        D:1 |      55 |       0 |   0.0 |      27 |       0 |   0.0
        D:2 |      44 |      35 |  44.3 |      15 |      11 |  42.3
        D:3 |       0 |       7 | 100.0 |       0 |       2 | 100.0
      Sewer |       0 |     129 | 100.0 |       0 |      38 | 100.0
            +---------+---------+-------+---------+---------+-------
